 Dungeon Crawl Stone Soup version 0.20-a0-972-gb9bd3e6 (console) character file.

664 vuev the Cudgeler (level 7, 0/44 HPs)
             Began as a Gargoyle Berserker on Apr 9, 2017.
             Was a Priest of Trog.
             Slain by an ice beast (14 damage)
             ... on level 5 of the Dungeon.
             The game lasted 00:07:04 (3803 turns).

vuev the Cudgeler (Gargoyle Berserker)              Turns: 3803, Time: 00:07:05

Health: 0/44       AC: 12    Str: 21    XL:     7   Next: 57%
Magic:  7/7        EV: 12    Int:  7    God:    Trog [***...]
Gold:   136        SH:  0    Dex: 15    Spells: 6/6 levels left

rFire    . . .     SeeInvis .   s - +1 whip (venom)
rCold    . . .     Gourm    +   (no shield)
rNeg     + . .     Faith    .   B - +1 ring mail of the Hunter {+Inv Dex+4}
rPois    ∞         Spirit   .   (no helmet)
rElec    +         Reflect  .   (no cloak)
rCorr    .         Harm     .   q - +0 pair of gloves
MR       +....                  (no boots)
Stlth    +.........             g - amulet of the gourmand
Regen    0.2/turn               p - ring of protection from magic
MPRegen  0.1/turn               (no ring)

@: no status effects
A: negative energy resistance 1, electricity resistance, unbreathing,
petrification resistance, rot immunity, AC +4
a: Berserk, Trog's Hand, Burn Spellbooks, Renounce Religion, Evoke Invisibility


You were on level 5 of the Dungeon.
You worshipped Trog.
Trog was most pleased with you.
You were completely stuffed.

You visited 1 branch of the dungeon, and saw 5 of its levels.

You collected 136 gold pieces.

Inventory:

Hand Weapons
 a - a +0 mace
 s - a +1 whip of venom (weapon)
Missiles
 l - 14 stones (quivered)
 y - 8 javelins of returning
Armour
 q - a +0 pair of gloves (worn)
 B - the +1 ring mail of the Hunter (worn) {+Inv Dex+4}
   (You found it on level 4 of the Dungeon)

   It affects your dexterity (+4).
   It lets you turn invisible.
Jewellery
 d - an uncursed amulet of rage
 g - an amulet of the gourmand (around neck)
 p - a ring of protection from magic (left hand)
 z - an uncursed ring of ice
Scrolls
 b - 3 scrolls of identify
 e - 3 scrolls of teleportation {unknown}
 h - a scroll of enchant weapon {unknown}
 k - 2 scrolls of enchant armour {unknown}
 o - a scroll of amnesia {unknown}
 u - a scroll of magic mapping {unknown}
 A - a scroll of recharging
 C - a scroll of blinking {unknown}
Potions
 f - 5 potions of heal wounds
 i - a potion of magic {unknown}
 j - 5 potions of curing {unknown}
 m - 2 potions of flight {unknown}
 r - 3 potions of resistance {unknown}
 v - a potion of lignification {unknown}
 w - a potion of haste {unknown}
 x - a potion of degeneration {unknown}
Comestibles
 c - 3 bread rations
 n - 3 meat rations
 t - 3 royal jellies
 D - a chunk of flesh


   Skills:
 + Level 5.0 Fighting
 + Level 6.6 Maces & Flails
 + Level 3.6 Armour
 + Level 2.9 Dodging


You had 6 spell levels left.
You didn't know any spells.

Dungeon Overview and Level Annotations

Branches:
Dungeon (5/15)             Temple (0/1) D:4

Altars:
Elyvilon
Hepliaklqana
Kikubaaqudgha
Okawaru
Trog


Innate Abilities, Weirdness & Mutations

You are resistant to torment.
Your stone body is resilient. (AC +4)
You are immune to poison.
You resist negative energy. (rN+)
You are resistant to electric shocks. (rElec)
You can survive without breathing.
You are immune to petrification.
You are immune to rotting.


Message History

The ice beast is moderately wounded.
The ice beast hits you but does no damage.
You closely miss the ice beast.
The ice beast is moderately wounded.
The ice beast hits you. The ice beast freezes you!
You barely miss the ice beast.
The ice beast is moderately wounded.
The ice beast hits you. The ice beast freezes you!
You hit the ice beast but do no damage.
The ice beast is moderately wounded.
The ice beast barely misses you.
You hit the ice beast.
The ice beast is moderately wounded.
You hit the ice beast but do no damage.
The ice beast is moderately wounded.
The ice beast hits you but does no damage.
You hit the ice beast.
The ice beast is heavily wounded.
The ice beast hits you. The ice beast freezes you!
You die...

#.## .## ..
#..######..# ...
##.........## ....
##........... ....#
##......#.....
.....####.###....#....
......#..## ###..# ..#
#.Y.## ##..# ..# #.#@#
##..## #.# # #.#
##.######.# #.#
##)###...#.##
...##.##........##
.§.#..##.##.##....
#...#..#..#...#....
#._.#..............
#...####...._.....#
#..........#


You could see an ice beast.

Vanquished Creatures
  Sigmund (D:2)
  2 vampire bats (D:4)
  A howler monkey (D:4)
  3 orc priests
  A centaur skeleton (D:4)
  An iguana (D:4)
  3 worker ants (D:4)
  7 adders
  An ooze (D:3)
  3 worms
  A dart slug (D:1)
  3 leopard geckos
  11 orcs
  4 bat skeletons (D:4)
  A bat zombie (D:4)
  2 giant cockroaches
  11 goblins
  7 hobgoblins
  2 quokkas
  A ball python (D:3)
  10 bats
  3 frilled lizards
  10 kobolds
  10 rats
99 creatures vanquished.

Notes
Turn   | Place    | Note
-------+----------+-------------------------------------------
     0 | D:1      | vuev the Gargoyle Berserker began the quest for the Orb.
     0 | D:1      | Reached XP level 1. HP: 14/14 MP: 1/1
   343 | D:1      | Reached XP level 2. HP: 14/19 MP: 2/2
   932 | D:2      | Reached XP level 3. HP: 24/24 MP: 3/3
  1104 | D:2      | Reached ** piety under Trog
  1284 | D:2      | Reached XP level 4. HP: 29/29 MP: 4/4
  1289 | D:2      | Noticed Sigmund
  1301 | D:2      | Killed Sigmund
  1301 | D:2      | Reached skill level 5 in Maces & Flails
  1301 | D:2      | Reached XP level 5. HP: 34/34 MP: 5/5
  1867 | D:3      | Reached XP level 6. HP: 39/39 MP: 6/6
  2592 | D:3      | Reached *** piety under Trog
  2930 | D:4      | Found a staircase to the Ecumenical Temple.
  2971 | D:4      | Found a hazy altar of Hepliaklqana.
  3005 | D:4      | Reached skill level 6 in Maces & Flails
  3005 | D:4      | Reached XP level 7. HP: 42/44 MP: 7/7
  3229 | D:4      | Got a slimy ring mail
  3240 | D:4      | Identified the cursed +1 ring mail of the Hunter {+Inv Dex+4} (You found it on level 4 of the Dungeon)
  3320 | D:4      | Found an ancient bone altar of Kikubaaqudgha.
  3429 | D:4      | Found a white marble altar of Elyvilon.
  3446 | D:4      | Reached skill level 5 in Fighting
  3731 | D:5      | Entered Level 5 of the Dungeon
  3736 | D:5      | Found an iron altar of Okawaru.
  3790 | D:5      | Found a bloodstained altar of Trog.
  3803 | D:5      | Slain by an ice beast

Vault maps used:
D:1:      dpeg_arrival_round_c, fountainhead
D:2:      serial_forest, infiniplex_forest_lined_room_2,
          infiniplex_forest_straight_4, infiniplex_forest_clump_tiny,
          infiniplex_forest_clump_small, infiniplex_forest_clump_curved,
          infiniplex_forest_straight_2, infiniplex_forest_corner_1,
          infiniplex_forest_clump_long, infiniplex_forest_end_double,
          serial_bayou_pond_c, uniq_sigmund
D:3:      serial_park_tiny_pond, kennysheep_generic_room_13
D:4:      kennysheep_vampire_church, elyvilon_altar_1, kennysheep_mini,
          minmay_temple_entry_mist, first_bread, roderic_three_in_a_row
D:5:      okawaru_gym_becter, hangedman_abyss_or_decor_slice, trog_book

Skill      XL: |  1  2  3  4  5  6  7 |
---------------+----------------------+-----
Fighting       | 4 5 |  5.0
Dodging        | 2 |  2.9
Maces & Flails | 5 6 |  6.6
Armour         | 3 |  3.6

Action                   |  1- 3 |  4- 6 |  7- 9 || total
-------------------------+-------+-------+-------++-------
Melee: Mace              |   118 |    50 |       ||   168
       Whip              |       |   123 |    88 ||   211
Invok: Berserk           |       |     1 |       ||     1
       Trog's Hand       |       |     1 |       ||     1
  Use: Scroll            |       |     1 |     3 ||     4
  Eat: Chunk             |    12 |     7 |     3 ||    22
Armor: Animal skin       |    15 |       |       ||    15
       Ring mail         |    47 |    72 |    55 ||   174
Dodge: Dodged            |    90 |    81 |    52 ||   223
